 Dungeon Crawl Stone Soup version 0.30.1-11-g7821555f0a (webtiles) character file.

Game seed: 16512815390167667669

197664 comborobin the Crack Shot (level 19, -11/123 HPs)
             Began as a Kobold Delver on Nov 18, 2023.
             Was the Champion of Okawaru.
             Mangled by a white very ugly thing (45 damage)
             ... on level 4 of the Abyss.
             The game lasted 01:15:36 (34656 turns).

comborobin the Crack Shot (Kobold Delver)          Turns: 34656, Time: 01:15:37

Health: -11/123    AC: 18    Str: 17    XL:     19   Next: 58%
Magic:  26/26      EV: 35    Int: 16    God:    Okawaru [******]
Gold:   3033       SH:  0    Dex: 27    Spells: 22/28 levels left

rFire   . . .        H - +8 Vampire's Tooth {megavamp}
rCold   . . .        (no shield)
rNeg    . . .        Z - +4 robe of Augmentation {Str+4 Int+4 Dex+4}
rPois   .            C - +2 helmet
rElec   +            F - scarf of Valour {shadows, Drain rElec Dex+3}
rCorr   .            v - +2 pair of gloves
SInv    .            h - +2 pair of boots {rampage}
Will    ++...        Y - amulet of regeneration
Stlth   ++++++++++   q - ring of the Hare {EV+10}
HPRegen 1.20/turn    w - ring of willpower
MPRegen 0.20/turn

%: rampage
@: studying Fire Magic
A: small, no large weapons, nightstalker 3, iridescent scales 1, camouflage 1
a: Renounce Religion, Heroism, Finesse, Duel


You were on level 4 of the Abyss.
You worshipped Okawaru.
Okawaru was exalted by your worship.
You visited 5 branches of the dungeon, and saw 27 of its levels.
You visited the Abyss 3 times.
You also visited: Bailey.

You collected 3565 gold pieces.
You spent 532 gold pieces at shops.

Inventory:

Hand Weapons
 a - a +8 quick blade of electrocution
 b - the +6 arbalest "Betofah" {flame, +Blink Will+ rCorr Str-5}
   (Okawaru gifted it to you on level 1 of the Depths)

   Str:       It affects your strength (-5).
   +Blink:    It lets you blink.
   rCorr:     It protects you from acid and corrosion.
   Will:      It increases your willpower.
 H - the +8 Vampire's Tooth (weapon) {megavamp}
   (Okawaru gifted it to you on level 1 of the Depths)
Missiles
 o - 13 curare-tipped darts
 B - 27 boomerangs
 P - 3 atropa-tipped darts (quivered)
 U - 10 datura-tipped darts
Armour
 h - a +2 pair of boots of rampaging (worn)
 v - a +2 pair of gloves (worn)
 C - a +2 helmet (worn)
 F - the scarf of Valour (worn) {shadows, Drain rElec Dex+3}
   (Okawaru gifted it to you on level 4 of the Abyss)

   Dex:       It affects your dexterity (+3).
   rElec:     It insulates you from electricity.
   Drain:     It drains your maximum health when unequipped.
 M - a +0 troll leather armour
 Z - the +4 robe of Augmentation (worn) {Str+4 Int+4 Dex+4}
   (You found it on level 11 of the Dungeon)

   Str:       It affects your strength (+4).
   Int:       It affects your intelligence (+4).
   Dex:       It affects your dexterity (+4).
Jewellery
 l - the ring "Tuonuh" {rC+ rCorr}
   (You found it on level 5 of the Dungeon)

   [ring of protection from cold]

   rC:        It protects you from cold.
   rCorr:     It protects you from acid and corrosion.
 p - a ring of poison resistance
 q - the ring of the Hare (left hand) {EV+10}
   (You found it on level 2 of the Dungeon)

   [ring of evasion]

   EV:        It affects your evasion (+10).
 u - an amulet of magic regeneration
 w - a ring of willpower (right hand)
 G - a ring of wizardry
 I - a ring of resist corrosion
 L - the ring "Esimo" {rF+ rN+ Dex-3 SInv}
   (You found it on level 1 of the Lair of Beasts)

   [ring of protection from fire]

   Dex:       It affects your dexterity (-3).
   rF:        It protects you from fire.
   rN:        It protects you from negative energy.
   SInv:      It lets you see invisible.
 V - a ring of protection from fire
 W - a +6 ring of dexterity
 Y - an amulet of regeneration (around neck)
Wands
 i - a wand of polymorph (11)
 x - a wand of paralysis (3)
 O - a wand of iceblast (12)
 S - a wand of quicksilver (2)
Scrolls
 c - 6 scrolls of fog
 d - 3 scrolls of magic mapping
 e - 2 scrolls of poison
 g - 25 scrolls of identify
 m - 2 scrolls of blinking
 n - a scroll of teleportation
 r - 2 scrolls of amnesia
 A - 3 scrolls of fear
 K - a scroll of enchant armour
 N - 3 scrolls of silence
 Q - a scroll of immolation
 R - 7 scrolls of vulnerability
Potions
 f - a potion of mutation
 j - 2 potions of magic
 k - a potion of ambrosia
 s - a potion of cancellation
 t - 9 potions of lignification
 z - 2 potions of heal wounds
 D - 6 potions of attraction
 E - 3 potions of might
 J - 4 potions of brilliance
 T - 3 potions of resistance
 X - 6 potions of curing


   Skills:
 + Level 14.8 Fighting
 - Level 12.0 Short Blades
 - Level 21.1 Ranged Weapons
 - Level 15.1 Throwing
 - Level 5.0 Armour
 - Level 10.0 Dodging
 - Level 21.0 Stealth
 - Level 5.0 Spellcasting
 - Level 5.0 Translocations
 - Level 10.0 Invocations
 - Level 11.5 Evocations


You had 22 spell levels left.
You knew the following spells:

 Your Spells              Type           Power      Damage    Failure   Level
h - Passage of Golubria   Tloc           20%        N/A       19%         4
B - Blink                 Tloc           40%        N/A       3%          2

Your spell library contained the following spells:

 Spells                   Type           Power      Damage    Failure   Level
 Apportation              Tloc           40%        N/A       1%          1
 Lesser Beckoning         Tloc           40%        N/A       3%          2
 Gell's Gravitas          Tloc           20%        N/A       6%          3
 Teleport Other           Tloc           20%        N/A       6%          3
 Magic Dart               Conj           16%        1d3       16%         1
 Shock                    Conj/Air       16%        1d4       16%         1
 Slow                     Hex            16%        N/A       16%         1
 Sting                    Tmut/Pois      16%        1d3       16%         1
 Vhi's Electric Charge    Tloc/Air       24%        N/A       16%         3
 Volatile Blastmotes      Fire/Tloc      24%        2d12      16%         3
 Manifold Assault         Tloc           20%        N/A       19%         4
 Poisonous Vapours        Pois/Air       8%         N/A       22%         2
 Scorch                   Fire           8%         2d5       22%         2
 Searing Ray              Conj           8%         2d4       22%         2
 Wereblood                Tmut           4%         N/A       22%         2
 Confusing Touch          Hex            4%         N/A       41%         3
 Dazzling Flash           Conj/Hex       8%         N/A       41%         3
 Frozen Ramparts          Ice            8%         1d2       41%         3
 Ignite Poison            Fire/Tmut/Pois 4%         N/A       41%         3
 Mephitic Cloud           Conj/Pois/Air  4%         N/A       41%         3
 Ozocubu's Armour         Ice            4%         N/A       41%         3
 Spider Form              Tmut/Pois      4%         N/A       41%         3
 Iskenderun's Mystic Bla  Conj/Tloc      12%        2d5       47%         4
 Anguish                  Hex/Necr       2%         N/A       83%         4
 Flame Wave               Conj/Fire      4%         2d5       83%         4
 Fulminant Prism          Conj/Hex       2%         3d5       83%         4
 Ice Form                 Ice/Tmut       4%         N/A       83%         4
 Olgreb's Toxic Radiance  Pois           4%         N/A       83%         4
 Petrify                  Tmut/Erth      4%         N/A       83%         4
 Sticky Flame             Conj/Fire      4%         2d3       83%         4
 Dispersal                Tloc           10%        N/A       96%         6
 Agony                    Necr           4%         N/A       99%         5
 Alistair's Intoxication  Tmut/Pois      2%         N/A       99%         5
 Fireball                 Conj/Fire      2%         3d4       99%         5
 Lee's Rapid Deconstruct  Erth           2%         3d4*      99%         5
 Metabolic Englaciation   Hex/Ice        2%         N/A       99%         5
 Silence                  Hex/Air        2%         N/A       99%         5
 Yara's Violent Unravell  Hex/Tmut       2%         3d3       99%         5
 Plasma Beam              Fire/Air       2%         2x1d13    100%        6
 Statue Form              Tmut/Erth      2%         N/A       100%        6
 Orb of Destruction       Conj           2%         9d5       100%        7
 Ozocubu's Refrigeration  Ice            2%         4d7       100%        7
 Storm Form               Tmut/Air       2%         N/A       100%        7
 Disjunction              Tloc           10%        N/A       100%        8
 Ignition                 Fire           2%         3d3       100%        8
 Lehudib's Crystal Spear  Conj/Erth      2%         10d2      100%        8
 Fire Storm               Conj/Fire      2%         8d1       100%        9
 Call Imp                 Summ           Unusable   N/A       N/A         2
 Summon Guardian Golem    Hex/Summ       Unusable   N/A       N/A         3
 Tukima's Dance           Hex            Unusable   N/A       N/A         3
 Summon Ice Beast         Ice/Summ       Unusable   N/A       N/A         4
 Summon Cactus Giant      Summ           Unusable   N/A       N/A         6
 Spellforged Servitor     Conj/Summ      Unusable   N/A       N/A         7

Dungeon Overview and Level Annotations

Branches:
Dungeon (15/15)            Temple (0/1) D:7            Lair (5/5) D:11
  Swamp (0/4) Lair:2        Snake (0/4) Lair:2        Slime (0/5) Lair:5
    Orc (2/2) D:12            Elf (3/3) Orc:2        Vaults (0/5) D:13
 Depths (2/4) D:15         Bailey (visited)

Altars:
Ashenzari
Cheibriados
Fedhas
Gozag
Makhleb
Okawaru
Ru
Sif Muna
Yredelemnul
Zin
The Shining One
Jiyva

Shops:
D:1 :[   D:8 *   D:10 [   D:11 !   D:15 **(:(   Orc:2 *[(**   Elf:3 (

Portals:
Hell: Depths:1
Abyss: Lair:1
Ziggurat: Depths:1

Annotations:
D:5 1 runed translucent door, hawkwood's ghost, novice DgAr
Lair:4 3 runed translucent doors
Orc:1 1 runed translucent door, exclusions: door and 3 orange crystal statues
Elf:2 3 runed translucent doors


Innate Abilities, Weirdness & Mutations

You are small and have problems with some larger weapons.
You are completely attuned to the shadows.
You are partially covered in iridescent scales. (AC +2)
Your skin changes colour to match your surroundings (Stealth+).


Message History

Aim: a white very ugly thing (moderately wounded, very poisoned, slow, 75% to hit, chance to blind on hit: 42%)
You throw an atropa-tipped dart.
The atropa-tipped dart hits the white very ugly thing!
The white very ugly thing resists.
The white very ugly thing is moderately wounded.
Unknown command.
Throw: 7 darts (atropa)
Press: ? - help, Q - select action, (/) - cycle Shift-Dir - straight line, f/p - white very ugly thing
Aim: a white very ugly thing (moderately wounded, very poisoned, slow, 75% to hit, chance to blind on hit: 42%)
You throw an atropa-tipped dart.
The atropa-tipped dart barely misses the white very ugly thing.
The white very ugly thing is no longer moving slowly.
The white very ugly thing completely misses you.
Unknown command.
Throw: 6 darts (atropa)
Press: ? - help, Q - select action, (/) - cycle Shift-Dir - straight line, f/p - white very ugly thing
Aim: a white very ugly thing (moderately wounded, very poisoned, 75% to hit, chance to blind on hit: 42%)
You throw an atropa-tipped dart.
The atropa-tipped dart hits the white very ugly thing!
The white very ugly thing resists.
The white very ugly thing is moderately wounded.
Unknown command.
Throw: 5 darts (atropa)
Press: ? - help, Q - select action, (/) - cycle Shift-Dir - straight line, f/p - white very ugly thing
Aim: a white very ugly thing (moderately wounded, very poisoned, 75% to hit, chance to blind on hit: 42%)
You throw an atropa-tipped dart.
The atropa-tipped dart hits the white very ugly thing!!
The white very ugly thing resists.
The white very ugly thing is moderately wounded.
The white very ugly thing completely misses you.
Unknown command.
Throw: 4 darts (atropa)
Press: ? - help, Q - select action, (/) - cycle Shift-Dir - straight line, f/p - white very ugly thing
Aim: a white very ugly thing (moderately wounded, very poisoned, 75% to hit, chance to blind on hit: 42%)
You throw an atropa-tipped dart.
The atropa-tipped dart barely misses the white very ugly thing.
The white very ugly thing trunk-slaps you!
* * * LOW HITPOINT WARNING * * *
The white very ugly thing freezes you!!!
You die...

#### # ..#°☼
....○#. . .
# °##.#
...#.°#.##
..#.3..○..#.
####.# .#..
#.#.R ○R..#
#@#☼##.#.#..
#.u3...#...#
#..#.(####
.##..... #
##.# .. ##


You could see a white very ugly thing (poisoned) and a smoke demon.

Vanquished Creatures
  An ancient lich (Abyss:4)
  Saint Roka (Elf:3)
  A lich (Depths:1)
  A deep elf blademaster (Elf:3)
  2 deep elf master archers (Elf:3)
  2 tentacled starspawn
  Kirke (D:13)
  A frost giant (Depths:1)
  5 deep elf sorcerers
  A fire giant (Depths:1)
  5 deep elf elementalists (Elf:3)
  An orc warlord (Orc:2)
  2 vampire knights (Depths:1)
  3 stone giants (Depths:1)
  2 deep elf demonologists
  5 deep elf annihilators (Elf:3)
  Azrael (D:12)
  4 dire elephants
  6 deep elf death magi (Elf:3)
  A great orb of eyes (Abyss:4)
  An ettin (Depths:1)
  A fire dragon (Depths:1)
  2 deep elf high priests (Elf:3)
  The ghost of Jingleheimer the Transmogrifier, a journeyman OpTm of Gozag (Lair:1)
  8 vault guards (D:13)
  Erolcha (Orc:1)
  5 rakshasas
  5 hydras
  A spriggan skeleton (Abyss:4)
  A catoblepas (Lair:5)
  15 dancing weapons
  2 alligators (Lair:4)
  3 boulder beetles
  21 death yaks
  3 two-headed ogres
  4 centaur warriors
  4 deep troll shamans
  2 tengu warriors (Depths:1)
  3 deep troll earth magi (Depths:1)
  6 thrashing horrors
  A vampire mage (D:14)
  Urug (D:12)
  A soul eater (Lair:1)
  2 orc high priests (Orc:1)
  A wretched star (Abyss:3)
  2 skeletal warriors (D:15)
  2 skysharks
  7 iron trolls
  7 deep elf knights
  A fire crab (Lair:3)
  10 deep trolls (Depths:1)
  A spark wasp zombie (D:15)
  A glowing orange brain (Depths:1)
  A deep troll (shapeshifter) (Elf:2)
  7 deep elf archers
  A lindwurm (Lair:5)
  A wizard (D:14)
  A necromancer (D:15)
  18 deep elf pyromancers
  5 starcursed masses (Abyss:3)
  5 large abominations (Abyss:4)
  21 deep elf zephyrmancers
  3 orc knights
  3 manticores
  2 orc sorcerers (Orc:2)
  A will-o-the-wisp (Abyss:4)
  20 ugly things
  A worldbinder (Abyss:3)
  8 cyclopes
  11 elephants (Lair:5)
  A rust devil (Abyss:4)
  Maurice (D:9)
  A frost giant skeleton (D:15)
  A guardian serpent (shapeshifter) (D:13)
  Joseph (D:9)
  2 orange demons
  5 black mambas
  A gargoyle (D:13)
  An unseen horror (shapeshifter) (Elf:1)
  4 kobold demonologists
  2 smoke demons
  13 cane toads
  An efreet (D:15)
  4 rime drakes
  13 komodo dragons
  2 freezing wraiths
  4 yaktaurs (D:15)
  4 ancient zymes
  A hornet (D:9)
  A red devil (Abyss:4)
  4 trolls
  5 polar bears
  A tarantella (shapeshifter) (D:15)
  A polar bear (shapeshifter) (D:15)
  3 meliai (D:13)
  10 blink frogs
  2 raiju
  A dream sheep (shapeshifter) (Elf:3)
  An ettin zombie (D:15)
  9 slime creatures
  4 flying skulls
  2 vampires
  2 shadows
  5 water elementals
  4 air elementals
  A wraith (D:13)
  A yak (shapeshifter) (D:13)
  A spriggan (Lair:1)
  5 wyverns
  6 fire elementals
  3 hogs (D:13)
  31 yaks
  4 basilisks
  Grum (Lair:1)
  3 humans (D:13)
  16 vampire mosquitoes
  Menkaure (D:5)
  A chaos spawn (Abyss:3)
  4 small abominations
  7 wargs
  5 steam dragons
  4 nagas (Lair:2)
  3 acid dragons
  Duvessa (D:6)
  A glowing shapeshifter skeleton (D:15)
  11 water moccasins
  3 hell hounds (D:13)
  51 orc warriors
  3 black bears
  A sky beast (D:8)
  6 ogres
  A hornet zombie (D:7)
  28 wolves
  16 centaurs
  28 kobold brigands
  9 bullfrogs
  2 gnoll sergeants
  3 earth elementals
  7 scorpions
  A wyvern zombie (D:7)
  11 wights
  Dowan (D:6)
  8 killer bees
  3 electric eels
  2 centaur zombies (D:7)
  3 howler monkeys
  A quasit (Abyss:4)
  A bullfrog zombie (D:7)
  17 orc priests
  4 hounds
  A sleepcap (D:4)
  3 gnoll boudas
  An iguana (D:5)
  Terence (D:3)
  21 orc wizards
  15 hell rats
  A killer bee zombie (D:7)
  A howler monkey zombie (D:7)
  20 gnolls
  4 adders
  2 shadow imps
  2 white imps
  An ufetubus (Abyss:4)
  5 worms
  2 dart slugs (D:4)
  81 orcs
  8 ball pythons
  5 bats
  7 endoplasms
  2 giant cockroaches (D:4)
  10 goblins
  11 hobgoblins
  3 jackals (D:1)
  3 quokkas
  2 frilled lizards
  40 kobolds
  6 rats
976 creatures vanquished.

Vanquished Creatures (collateral kills)
  A frost giant (Depths:1)
  An ice dragon (Depths:1)
  3 ugly things (Depths:1)
5 creatures vanquished.

Vanquished Creatures (others)
  2 very ugly things (Depths:1)
  2 ugly things (Depths:1)
  2 raiju (Abyss:4)
  A golden eye (Abyss:3)
  A small abomination (Abyss:4)
  An orc (Elf:3)
  4 starspawn tentacles
13 creatures vanquished.

Grand Total: 994 creatures vanquished

Notes
Turn   | Place    | Note
-------+----------+-------------------------------------------
     0 | D:5      | comborobin the Kobold Delver began the quest for the Orb.
     0 | D:5      | Reached XP level 1. HP: 14/14 MP: 1/1
    24 | D:4      | Noticed a scorpion
    24 | D:4      | Noticed a steam dragon
    27 | D:4      | Killed a scorpion
    28 | D:4      | Reached skill level 5 in Fighting
    28 | D:4      | Reached XP level 2. HP: 21/21 MP: 2/2
    28 | D:4      | Reached XP level 3. HP: 26/26 MP: 3/3
    28 | D:4      | Reached XP level 4. HP: 31/31 MP: 4/4
    32 | D:4      | Killed a steam dragon
    33 | D:4      | Reached XP level 5. HP: 37/37 MP: 5/5
   101 | D:4      | Reached XP level 6. HP: 28/42 MP: 6/6
   319 | D:4      | Noticed a black bear
   338 | D:4      | Killed a black bear
   339 | D:4      | Reached skill level 1 in Armour
  1189 | D:4      | Found an iron altar of Okawaru.
  1283 | D:3      | Reached XP level 7. HP: 47/47 MP: 7/7
  1456 | D:3      | Identified a scroll of acquirement
  1456 | D:3      | Acquired a manual of Stealth
  2067 | D:3      | Noticed Terence
  2071 | D:3      | Killed Terence
  2584 | D:2      | Found the ring of the Hare {EV+10}
  3039 | D:1      | Found Nehergh's Antique Armour Shoppe.
  3064 | D:1      | Bought a cloak for 99 gold pieces
  3503 | D:1      | Found Vuuxuckyu's Book Emporium.
  3635 | D:3      | Found a sacrificial altar of Ru.
  4225 | D:5      | Identified the ring "Tuonuh" {rC+ rCorr}
  4234 | D:5      | Noticed Menkaure
  4240 | D:5      | Killed Menkaure
  4241 | D:5      | Reached skill level 10 in Stealth
  4244 | D:5      | Reached XP level 8. HP: 52/52 MP: 8/8
  4249 | D:5      | Identified the +0 robe of Yredelemnul's Whim {Int+3}
  4670 | D:5      | Found a runed translucent door.
  4671 | D:5      | Noticed a wraith
  4674 | D:5      | Noticed hawkwood's ghost (novice DgAr)
  5017 | D:6      | Noticed Duvessa
  5020 | D:6      | Noticed Dowan
  5023 | D:6      | Killed Duvessa
  5024 | D:6      | Reached skill level 15 in Stealth
  5038 | D:6      | Killed Dowan
  5310 | D:6      | Identified the +0 plate armour of the Ancient Artisans
                  | {Fly}
  5438 | D:6      | Reached XP level 9. HP: 52/56 MP: 9/9
  5480 | D:7      | Noticed a kobold demonologist
  5486 | D:7      | Noticed a soul eater
  5508 | D:7      | Noticed a kobold demonologist
  5520 | D:6      | Killed a kobold demonologist
  5822 | D:4      | Became a worshipper of Warmaster Okawaru
  6133 | D:7      | Noticed a hellwing
  6139 | D:7      | Killed a kobold demonologist
  6210 | D:7      | Found a staircase to the Ecumenical Temple.
  6274 | D:7      | Noticed a kobold demonologist
  6284 | D:7      | Noticed a rust devil
  6285 | D:7      | Noticed a hellwing
  6292 | D:7      | Noticed a soul eater
  6316 | D:8      | Killed a kobold demonologist
  6316 | D:8      | Reached * piety under Okawaru
  6317 | D:8      | Reached XP level 10. HP: 25/61 MP: 10/10
  6600 | D:7      | Reached skill level 5 in Throwing
  6723 | D:7      | Found a basalt altar of Yredelemnul.
  6923 | D:7      | Got the Lessons on the Graveyard and the Barrage
  7016 | D:7      | Found a glowing silver altar of Zin.
  7069 | D:7      | Reached ** piety under Okawaru
  7082 | D:7      | Found a snail-covered altar of Cheibriados.
  7162 | D:8      | Found an opulent altar of Gozag.
  7480 | D:8      | Noticed a freezing wraith
  7573 | D:8      | Found Gozag's Platinum Reserve.
  7732 | D:8      | Reached skill level 5 in Short Blades
  7786 | D:8      | Found a broken altar of Ashenzari.
  7975 | D:8      | Found a shimmering blue altar of Sif Muna.
  8051 | D:8      | Found a burning altar of Makhleb.
  8053 | D:8      | Noticed a blizzard demon
  8238 | D:9      | Reached *** piety under Okawaru
  8242 | D:9      | Reached XP level 11. HP: 68/68 MP: 11/11
  8373 | D:9      | Noticed Maurice
  8377 | D:9      | Killed Maurice
  8515 | D:9      | Paralysed by a gnoll sergeant for 5 turns
  8619 | D:9      | Noticed Joseph
  8623 | D:9      | Killed Joseph
  8623 | D:9      | Reached **** piety under Okawaru
  8624 | D:9      | Reached skill level 10 in Short Blades
  8922 | D:10     | Entered Level 10 of the Dungeon
  9014 | D:10     | Found Basmig's Armour Shoppe.
  9105 | D:10     | Found a flagged portal.
  9114 | Bailey   | Entered a bailey
  9305 | Bailey   | Found an iron altar of Okawaru.
  9305 | Bailey   | Noticed an orc knight
  9310 | Bailey   | Killed an orc knight
  9311 | Bailey   | Reached skill level 5 in Dodging
  9311 | Bailey   | Identified the +10 great sword of the Inferno {pain, Str+3
                  | Int+3 SInv}
  9522 | D:10     | Noticed a cyclops
  9526 | D:10     | Killed a cyclops
  9593 | D:10     | Reached ***** piety under Okawaru
  9785 | D:10     | Received a gift from Okawaru
  9882 | D:10     | Reached XP level 12. HP: 75/75 MP: 12/12
 10484 | D:11     | Found a staircase to the Lair.
 10501 | D:11     | Found a blossoming altar of Fedhas.
 10523 | D:11     | Found the +4 robe of Augmentation {Str+4 Int+4 Dex+4}
 10753 | D:11     | Noticed a two-headed ogre
 10781 | D:11     | Killed a two-headed ogre
 10781 | D:11     | Received a gift from Okawaru
 10836 | D:11     | Found Nauklal's Distillery.
 10985 | D:12     | Noticed a centaur warrior
 10992 | D:12     | Acquired a +1 rapier of venom
 11001 | D:12     | Killed a centaur warrior
 11159 | D:12     | Reached skill level 1 in Invocations
 11372 | D:12     | Noticed Azrael
 11376 | D:13     | Noticed a two-headed ogre
 11609 | D:13     | Noticed Kirke
 11610 | D:13     | Reached skill level 5 in Invocations
 11614 | D:13     | Killed Kirke
 11779 | D:13     | Reached XP level 13. HP: 75/80 MP: 18/18
 11820 | D:13     | Noticed a four-headed hydra
 11828 | D:13     | Killed a four-headed hydra
 12014 | D:13     | Noticed a vault guard
 12014 | D:13     | Noticed a vault guard
 12014 | D:13     | Noticed a vault guard
 12014 | D:13     | Noticed a vault guard
 12018 | D:13     | Found a gate to the Vaults.
 12018 | D:13     | Noticed a vault guard
 12033 | D:13     | Noticed a vault guard
 12049 | D:13     | Noticed a vault guard
 12086 | D:13     | Killed a vault guard
 12097 | D:13     | Killed a vault guard
 12105 | D:13     | Killed a vault guard
 12106 | D:13     | Reached skill level 5 in Evocations
 12136 | D:13     | Killed a vault guard
 12136 | D:13     | Received a gift from Okawaru
 12324 | D:13     | Noticed a centaur warrior
 12327 | D:13     | Killed a centaur warrior
 12687 | D:13     | Killed a vault guard
 12788 | D:13     | Killed a vault guard
 12881 | D:13     | Noticed a vault guard
 12896 | D:13     | Killed a vault guard
 13053 | D:13     | Noticed a centaur warrior
 13055 | D:13     | Killed a centaur warrior
 13440 | D:12     | Killed Azrael
 13475 | D:12     | Reached skill level 10 in Evocations
 13520 | D:12     | Acquired a +3 quick blade of electrocution
 13610 | D:12     | Gained mutation: You occasionally shout uncontrollably at
                  | your foes. [potion of mutation]
 13610 | D:12     | Gained mutation: You are partially covered in iridescent
                  | scales. (AC +2) [potion of mutation]
 13931 | D:12     | Found a staircase to the Orcish Mines.
 14078 | D:12     | Noticed Urug
 14081 | D:12     | Killed Urug
 14081 | D:12     | Reached ****** piety under Okawaru
 14118 | D:12     | Found a glowing golden altar of the Shining One.
 14302 | D:14     | Noticed a centaur warrior
 14305 | D:14     | Killed a centaur warrior
 14321 | D:14     | Identified the +3 short sword "Tuiloug" {speed, rElec rPois
                  | rC+ Int-4} (Okawaru gifted it to you on level 14 of the
                  | Dungeon)
 14321 | D:14     | Received a gift from Okawaru
 14387 | D:14     | Reached XP level 14. HP: 78/86 MP: 20/20
 14477 | Abyss:3  | Cast into level 3 of the Abyss (a wizard)
 14531 | Abyss:3  | Learned a level 2 spell: Blink
 14596 | Abyss:3  | Reached skill level 1 in Translocations
 14603 | Abyss:3  | Noticed a starcursed mass
 14784 | Abyss:3  | Noticed a tentacled starspawn
 14791 | Abyss:3  | Killed a tentacled starspawn
 14855 | Abyss:3  | Found a corrupted altar of Lugonu.
 14863 | Abyss:3  | Noticed a starcursed mass
 14883 | Abyss:3  | Killed a starcursed mass
 14884 | Abyss:3  | Reached skill level 5 in Translocations
 15017 | Abyss:3  | Found a corrupted altar of Lugonu.
 15032 | Abyss:3  | Found a corrupted altar of Lugonu.
 15073 | Abyss:3  | Reached skill level 1 in Spellcasting
 15096 | Abyss:3  | Found a corrupted altar of Lugonu.
 15134 | Abyss:3  | Noticed a starcursed mass
 15167 | Abyss:3  | Noticed a starcursed mass
 15175 | Abyss:3  | Found a corrupted altar of Lugonu.
 15258 | Abyss:4  | Noticed a tentacled starspawn
 15344 | Abyss:4  | Received a gift from Okawaru
 15366 | D:14     | Escaped the Abyss
 15379 | D:14     | Reached skill level 5 in Spellcasting
 15425 | D:14     | Reached skill level 10 in Fighting
 15632 | D:14     | Received a gift from Okawaru
 15817 | D:14     | Received a gift from Okawaru
 16376 | D:15     | Entered Level 15 of the Dungeon
 16560 | D:15     | Received a gift from Okawaru
 16590 | D:15     | Identified the +2 robe of Tykh {rPois}
 16643 | D:15     | Found a staircase to the Depths.
 16817 | D:15     | Identified the +2 pair of boots "Roq Zirr" {Harm Rampage
                  | Dex-2}
 16900 | D:15     | Found Ponoxup's Antique Weapon Emporium.
 17073 | D:15     | Found Jisaaf's Assorted Antiques.
 17080 | D:15     | Bought a scroll labelled IWNOHA DODU for 33 gold pieces
 17134 | D:15     | Identified the +0 pair of boots of Squeaky Life {rElec
                  | Str-4 SInv} (Okawaru gifted it to you on level 15 of the
                  | Dungeon)
 17134 | D:15     | Received a gift from Okawaru
 17135 | D:15     | Reached XP level 15. HP: 94/94 MP: 22/22
 17287 | D:15     | Reached skill level 10 in Throwing
 17311 | D:15     | Reached skill level 1 in Ranged Weapons
 17592 | D:15     | Found Fuusearch's General Store.
 17635 | D:15     | Found Hicen's Antique Weapon Emporium.
 17786 | D:15     | Found Bonwoa's Book Boutique.
 17790 | D:15     | Bought a book of the Moon for 400 gold pieces
 17795 | D:15     | Learned a level 4 spell: Passage of Golubria
 17939 | Orc:1    | Entered Level 1 of the Orcish Mines
 17984 | Orc:1    | Found a runed translucent door.
 17989 | Orc:1    | Found the +10 tower shield of Ignorance {rN+ Int-4}
 18013 | Orc:1    | Reached skill level 5 in Ranged Weapons
 18149 | Orc:1    | Noticed Erolcha
 18157 | Abyss:4  | Cast into level 4 of the Abyss (Erolcha)
 18211 | Abyss:4  | Found a corrupted altar of Lugonu.
 18270 | Abyss:4  | Noticed an ancient lich
 18303 | Abyss:4  | Killed an ancient lich
 18303 | Abyss:4  | Identified the scarf of Valour {shadows, Drain rElec Dex+3}
                  | (Okawaru gifted it to you on level 4 of the Abyss)
 18303 | Abyss:4  | Received a gift from Okawaru
 18490 | Abyss:4  | Found a corrupted altar of Lugonu.
 18519 | Abyss:4  | Noticed a bone dragon
 18527 | Abyss:4  | Found a corrupted altar of Lugonu.
 18698 | Abyss:4  | Noticed a tentacled starspawn
 18722 | Abyss:4  | Killed a tentacled starspawn
 18723 | Abyss:4  | Reached skill level 10 in Ranged Weapons
 18871 | Orc:1    | Escaped the Abyss
 18897 | Orc:1    | Killed Erolcha
 19132 | Orc:1    | Found a runed translucent door.
 19451 | Orc:2    | Entered Level 2 of the Orcish Mines
 19763 | Orc:2    | Found Rastrif's CLEARANCE SALE!.
 19774 | Orc:2    | Found a staircase to the Elven Halls.
 20073 | Orc:2    | Found Nuriog's Antique Armour Shop.
 20073 | Orc:2    | Found Qupia's Antique Weapon Shoppe.
 20073 | Orc:2    | Found Utyestreo's General Store.
 20073 | Orc:2    | Found Humixi's General Store.
 20151 | Orc:2    | Noticed an orc warlord
 20173 | Orc:2    | Killed an orc warlord
 20238 | Orc:2    | Paralysed by an orc sorcerer for 4 turns
 20251 | Orc:2    | Reached XP level 16. HP: 101/101 MP: 23/23
 20761 | Lair:1   | Entered Level 1 of the Lair of Beasts
 20956 | Lair:1   | Noticed Grum
 20979 | Lair:1   | Killed Grum
 21093 | Lair:1   | Found a transporter.
 21119 | Lair:1   | Lost mutation: You are partially covered in iridescent
                  | scales. (AC +2) [potion of mutation]
 21119 | Lair:1   | Lost mutation: You occasionally shout uncontrollably at
                  | your foes. [potion of mutation]
 21119 | Lair:1   | Gained mutation: Armour fits poorly on your strangely
                  | shaped body. [potion of mutation]
 21119 | Lair:1   | Gained mutation: Your spells are a little harder to cast,
                  | but a little more powerful. [potion of mutation]
 21133 | Lair:1   | Found a transporter.
 21167 | Lair:1   | Found a one-way gate to the infinite horrors of the Abyss.
 21167 | Lair:1   | Noticed Jingleheimer's ghost (journeyman OpTm)
 21241 | Lair:1   | Killed Jingleheimer's ghost
 21252 | Lair:1   | Identified the ring "Esimo" {rF+ rN+ Dex-3 SInv}
 21349 | Lair:1   | Found a transporter.
 21617 | Lair:1   | Found a transporter.
 21705 | Lair:1   | Received a gift from Okawaru
 21777 | Lair:1   | Identified the scarf "Oralups" {rC+ rF+, +Inv Int+3}
 22268 | Lair:2   | Found a staircase to the Snake Pit.
 22534 | Lair:2   | Found a staircase to the Swamp.
 23339 | Lair:2   | Received a gift from Okawaru
 23340 | Lair:2   | Reached skill level 15 in Ranged Weapons
 24137 | Lair:3   | Received a gift from Okawaru
 24735 | Lair:4   | Reached skill level 10 in Invocations
 24914 | Lair:4   | Found a runed translucent gate.
 24914 | Lair:4   | Found a runed translucent gate.
 24914 | Lair:4   | Found a runed translucent gate.
 24915 | Lair:4   | Noticed an acid blob
 24916 | Lair:4   | Noticed an azure jelly
 25490 | Lair:4   | Noticed an azure jelly
 25491 | Lair:4   | Noticed an azure jelly
 25538 | Lair:4   | Reached skill level 10 in Dodging
 25656 | Lair:4   | Lost mutation: Armour fits poorly on your strangely shaped
                  | body. [potion of mutation]
 25656 | Lair:4   | Lost mutation: Your spells are a little harder to cast, but
                  | a little more powerful. [potion of mutation]
 25656 | Lair:4   | Gained mutation: Your skin changes colour to match your
                  | surroundings (Stealth+). [potion of mutation]
 25656 | Lair:4   | Gained mutation: You are partially covered in iridescent
                  | scales. (AC +2) [potion of mutation]
 26376 | Lair:4   | Noticed an azure jelly
 26377 | Lair:4   | Noticed an azure jelly
 26446 | Lair:5   | Entered Level 5 of the Lair of Beasts
 26512 | Lair:5   | Reached skill level 5 in Armour
 26615 | Lair:5   | Received a gift from Okawaru
 26703 | Lair:5   | Reached XP level 17. HP: 106/106 MP: 24/24
 27073 | Lair:5   | Received a gift from Okawaru
 27129 | Lair:5   | Found a viscous altar of Jiyva.
 27129 | Lair:5   | Found a staircase to the Slime Pits.
 27751 | Lair:5   | Received a gift from Okawaru
 28358 | Elf:1    | Entered Level 1 of the Elven Halls
 28763 | Elf:1    | Received a gift from Okawaru
 29527 | Elf:1    | Received a gift from Okawaru
 29773 | Elf:2    | Reached XP level 18. HP: 100/112 MP: 25/25
 30000 | Elf:2    | Received a gift from Okawaru
 30125 | Elf:2    | Found a runed translucent gate.
 30125 | Elf:2    | Found a runed translucent gate.
 30125 | Elf:2    | Found a runed translucent gate.
 30182 | Elf:2    | Identified the +1 robe of Thoughtfulness {rCorr}
 30187 | Elf:2    | Received a gift from Okawaru
 30362 | Elf:3    | Entered Level 3 of the Elven Halls
 30579 | Elf:3    | Noticed a deep elf blademaster
 30599 | Elf:3    | Killed a deep elf blademaster
 30627 | Elf:3    | Noticed a deep elf master archer
 30628 | Elf:3    | Noticed Saint Roka
 30684 | Elf:3    | Killed a deep elf master archer
 30883 | Elf:3    | Found Zinemm's Antique Weapon Shoppe.
 31064 | Elf:3    | Identified the +0 sling of Death {drain, Int+6}
 31065 | Elf:3    | Noticed a deep elf master archer
 31067 | Elf:3    | Noticed a deep elf blademaster
 31099 | Elf:3    | Killed a deep elf master archer
 31170 | Elf:3    | Received a gift from Okawaru
 31171 | Elf:3    | Identified the +5 falchion "Biotzaleten" {drain, rF+ Str+3
                  | Int+3}
 31171 | Elf:3    | Identified the ring "Xyval Dumn" {Drain +Blink Fly Will-
                  | SInv}
 31172 | Elf:3    | Identified the +7 falchion "Raqalosi" {freeze, *Rage rPois
                  | rC++ Str+4}
 31172 | Elf:3    | Identified the ring "Xootaillo" {rPois rF+ rC- rCorr Dex+2}
 31214 | Elf:3    | Identified the +5 battleaxe of the King {drain, rC+ Str+4
                  | Dex+4}
 31223 | Elf:3    | Killed Saint Roka
 31637 | Elf:3    | Identified the staff of fire "Viaczia" {*Slow rF+ Str+2
                  | Int+2}
 31642 | Elf:3    | Got Woyh's Tome of Hapless Shapes
 31651 | Elf:3    | Identified the staff of cold "Zoosan" {rC+ Str+8 Stlth+}
 31670 | Elf:3    | Got the Handbook of Angles
 31678 | Elf:3    | Identified the +9 dagger of Veumekk {heavy, Will- Dex+4
                  | Stlth+}
 31680 | Elf:3    | Got the Vellum of Turbulent Alteration
 32125 | Elf:3    | Paralysed by an air elemental for 1 turns
 32373 | Depths:1 | Entered Level 1 of the Depths
 32417 | D:15     | Reached skill level 15 in Throwing
 32417 | D:15     | Reached XP level 19. HP: 83/116 MP: 26/26
 32528 | Depths:1 | Found a one-way gateway to a ziggurat.
 32542 | Depths:1 | Received a gift from Okawaru
 32542 | Depths:1 | Found the +8 Vampire's Tooth {megavamp}
 32815 | Depths:1 | Noticed a lich
 33026 | Depths:1 | Found a gateway to Hell.
 33288 | Depths:1 | Identified the +6 arbalest "Betofah" {flame, +Blink Will+
                  | rCorr Str-5} (Okawaru gifted it to you on level 1 of the
                  | Depths)
 33288 | Depths:1 | Received a gift from Okawaru
 33980 | Depths:1 | Killed a lich
 34125 | Depths:1 | Identified the +2 ring mail of Lifelessness {rElec rN+
                  | Str-5}
 34582 | Lair:1   | Found a one-way gate to the infinite horrors of the Abyss.
 34585 | Lair:1   | Voluntarily entered the Abyss.
 34649 | Abyss:4  | HP: 5/123 [white very ugly thing (46)]
 34656 | Abyss:4  | Mangled by a white very ugly thing

Illustrated notes

Levels and vault maps discovered:
D:1:      scummos_arrival_simple_crosswalls, layout_basic, serial_shops,
          nicolae_shop_crystal, shop, minivault_11, minmay_misc_feat_tiny
D:2:      layout_loops_ring, st_stairs_12
D:3:      cheibrodos_thug_alley, layout_rooms, lemuel_round_altar, uniq_terence
D:4:      layout_loops_cross, general_overflow_altar
D:5:      layout_basic, ebering_ghost_inner_flame, uniq_menkaure
D:6:      layout_basic, uniq_duvessa
D:7:      layout_rooms, nicolae_yredelemnul_corpse_copse,
          mainiacjoe_overflow_divided_tiny, minmay_temple_entry_gardened_gates
D:8:      layout_loops_cross, mainiacjoe_overflow_chevrons,
          nicolae_ashenzari_panopticon, makhleb_altar_promises_db,
          nicolae_gozag_zags_fifth_avenue, nzn_random_ring
D:9:      layout_basic, uniq_joseph, uniq_maurice
D:10:     layout_roguey [special_room_kobold], serial_shops,
          nicolae_lakefront_shop, enter_bailey_3
D:11:     layout_roguey, erik_lair_orcish_takeover, serial_shops, shop,
          kennysheep_decorative_pillar, fedhas_altar_1
D:12:     layout_irregular_city, orc_0_dummy, nicolae_tso_swordbearing_angel,
          uniq_urug, uniq_azrael
D:13:     minmay_cornered_nines, layout_long_grid, erik_vaults_2, uniq_kirke
D:14:     layout_irregular_city, nrook_uturn
D:15:     gammafunk_depths_entry_grave, layout_basic,
          hangedman_abyss_or_decor_lesser_grid, serial_shops, shop,
          nicolae_shop_pleasant_corner_grove, nicolae_shop_just_a_little_nook,
          nicolae_shop_real_fake_doors, nicolae_shop_back_alley_shop
Lair:1:   layout_gridlike, gammafunk_ghost_abyssal_escape, uniq_grum
Lair:2:   layout_cave_pods, minmay_swamp_entry_swarm,
          minmay_snake_entry_guardpost_small, chequers_serial_rivers_micro_b
Lair:3:   layout_regular_city, grunt_megastairs_2
Lair:4:   layout_regular_city, gammafunk_ghost_ooze, minivault_25,
          nicolae_lair_lakeside_cave
Lair:5:   grunt_lair_end_beastmaster, layout_gridlike, slime_entry_1,
          lemuel_old_faithful
Orc:1:    layout_caves, chequers_guarded_unrand_ignorance, uniq_erolcha
Orc:2:    st_orc_rangers, layout_caves, library_closet, nicolae_shop_clearance
Elf:1:    minmay_elf_arrival_circle, layout_onion_city, minmay_elf_demonology,
          nicolae_elf_w_pinch
Elf:2:    elven_hall_of_blades_hangedman_original [nicolae_blade_little_rooms],
          layout_geoelf_diagonals
Elf:3:    elf_hall, layout_geoelf_castle, serial_shops, shop, st_stairs_9,
          uniq_saint_roka
Depths:1: layout_forbidden_donut, enter_ziggurat_a, hangedman_geh_valley,
          kennysheep_generic_room_3, roderic_lattice_octagonal_star,
          firewood_loft
Depths:2: cross_vault, layout_cave_pools, minmay_room_of_horrors, hell_entry,
          pan_entry, minmay_staircase_windowed_large,
          nicolae_vehumet_altar_sigil, uniq_enchantress, uniq_sojobo
Abyss:4:  base: D:6, evilmike_abyss_exit_mutagenic,
          grunt_abyss_exit_deep_breaths, base: D:11, minivault_19,
          guppyfry_abyss_exit_imp_island, bh_silent_lugonu_exit, minivault_4,
          lemuel_flamethrower_2, hangedman_abyss_or_decor_clamps, base: Orc:2,
          base: Vaults:4, evilmike_abyss_exit_9,
          evilmike_abyss_rune_tso_outpost, small_statue_intersection,
          evilmike_abyss_exit_vortex, evilmike_abyss_exit_9,
          evilmike_nicolae_abyss_rune_containment_curve

Skill      XL: |  1  2  3  4  5  6  7  8  9 10 11 12 13 14 15 16 17 18 19 |
---------------+----------------------------------------------------------+-----
Fighting       | 5 6 8 9 11 12 14 | 14.8
Armour         | 1 2 3 5 |  5.0
Dodging        | 4 6 9 10 | 10.0
Stealth        | 11 16 20 21 | 21.0
Throwing       | 4 5 7 9 10 15 | 15.1
Short Blades   | 7 11 12 | 12.0
Invocations    | 7 8 10 | 10.0
Evocations     | 11 | 11.5
Translocations | 5 |  5.0
Spellcasting   | 5 |  5.0
Ranged Weapons | 12 15 20 21 | 21.1

Action                     |  1- 3 |  4- 6 |  7- 9 | 10-12 | 13-15 | 16-18 | 19-21 || total
---------------------------+-------+-------+-------+-------+-------+-------+-------++-------
  Melee: Short sword       |     1 |    47 |       |       |       |       |       ||    48
         Rapier            |       |    49 |    87 |   211 |   199 |       |       ||   546
         Flail             |       |    14 |       |       |       |       |       ||    14
         Punch             |       |     1 |     6 |    17 |    35 |    29 |    16 ||   104
         Dagger            |       |       |   286 |   748 |    14 |       |       ||  1048
         Quick blade       |       |       |       |       |  1452 |  1751 |   529 ||  3732
   Fire: Arbalest          |       |       |       |       |    14 |    30 |       ||    44
  Throw: Dart              |       |       |       |     3 |     6 |    47 |    45 ||   101
         Throwing net      |       |       |       |       |     3 |       |     4 ||     7
   Cast: Blink             |       |       |       |       |     1 |     1 |     4 ||     6
         Passage of Golubr |       |       |       |       |     1 |       |       ||     1
 Invoke: Heroism           |       |       |       |     1 |     5 |     2 |       ||     8
         Finesse           |       |       |       |       |     1 |       |       ||     1
  Evoke: Wand              |       |       |       |    23 |    18 |    21 |     3 ||    65
    Use: Potion            |       |     1 |     2 |     4 |     4 |     6 |     1 ||    18
         Scroll            |       |     2 |    11 |     7 |    18 |     7 |     3 ||    48
   Stab: Sleeping          |     1 |    15 |    49 |    72 |    36 |   114 |     9 ||   296
         Distracted        |       |       |     3 |     2 |    27 |    15 |     6 ||    53
         Paralysed         |       |       |       |     1 |     1 |     1 |       ||     3
         Held in net/web   |       |       |       |       |     4 |       |     4 ||     8
         Invisible         |       |       |       |       |       |    20 |    10 ||    30
         Fleeing           |       |       |       |       |       |     1 |       ||     1
         Confused          |       |       |       |       |       |       |     4 ||     4
 Armour: Steam dragon scal |       |    37 |    47 |    43 |       |       |       ||   127
         Troll leather arm |       |       |       |    26 |    87 |   118 |     1 ||   232
         Robe              |       |       |       |    20 |    10 |       |    39 ||    69
  Dodge: Dodged            |       |    96 |   443 |   867 |   878 |  1007 |   395 ||  3686
  Block: Other             |       |       |       |    19 |   163 |    25 |       ||   207
         Reflection        |       |       |       |       |     3 |       |       ||     3
